 Dungeon Crawl Stone Soup version 0.18.1-50-g88ac8fd (console) character file.

21 Gottschkopf the Ruffian (level 2, -4/23 HPs)
             Began as a Draconian Transmuter on Sept 30, 2016.
             Slain by a gnoll
             ... wielding a +0 flail
              (13 damage)
             ... on level 1 of the Dungeon.
             The game lasted 00:01:57 (700 turns).

Gottschkopf the Ruffian (Draconian Transmuter)       Turns: 700, Time: 00:01:57

Health: -4/23      AC:  4    Str: 12    XL:     2   Next: 65%
Magic:  3/5        EV: 12    Int: 13    God:
Gold:   56         SH:  0    Dex: 11    Spells: 2 memorised, 2 levels left

rFire  . . .     SeeInvis .       - Unarmed
rCold  . . .     Gourm    .     (armour unavailable)
rNeg   . . .     Faith    .     (no shield)
rPois  .         Spirit   .     (helmet restricted)
rElec  .         Dismiss  .     (no cloak)
rCorr  .         Reflect  .     (no gloves)
SustAt .         Harm     .     (boots currently unavailable)
MR     .....                    (no amulet)
Stlth  +.........               (no ring)
                                (no ring)

@: appendage, very slightly contaminated, not resistant to hostile enchantments,
very unstealthy
A: unfitting armour, talons 3, cold-blooded, AC +4
a: End Transformation


You were on level 1 of the Dungeon.
You were not hungry.
You had grown temporary talons.
You visited 1 branch of the dungeon, and saw 1 of its levels.

You collected 56 gold pieces.

Inventory:

Missiles
 a - 31 arrows
Scrolls
 f - a scroll of identify {unknown}
Potions
 d - a potion of brilliance {unknown}
 e - a potion of ambrosia {unknown}
Books
 b - a book of Changes

   Spells                             Type                      Level
   a - Beastly Appendage              Transmutation                1
   b - Sticks to Snakes               Transmutation                2
   c - Spider Form                    Transmutation/Poison         3
   d - Ice Form                       Ice/Transmutation            4
   e - Blade Hands                    Transmutation                5
Comestibles
 c - a bread ration


   Skills:
 - Level 1.1 Fighting
 - Level 1.7 Dodging
 + Level 4.0 Unarmed Combat
 - Level 2.0 Spellcasting
 - Level 2.0 Transmutations


You had 2 spell levels left.
You knew the following spells:

 Your Spells              Type           Power        Failure   Level  Hunger
a - Beastly Appendage     Trmt           #.....       12%         1    ##.....
b - Sticks to Snakes      Trmt           #.......     17%         2    ###....


Dungeon Overview and Level Annotations

Branches:
Dungeon (1/15)

Altars:


Innate Abilities, Weirdness & Mutations

Your plain brown scales are hard (AC +4).
Your body does not fit into most forms of armour.
You are cold-blooded and may be slowed by cold attacks.
You have claws for feet.


Message History

Your talons disappear.
A gnoll comes into view. It is wielding a flail.
Casting: Beastly Appendage
Confirm with . or Enter, or press ? or * to list all spells.
You miscast Beastly Appendage.
You are very lightly contaminated with residual magic.
Your skin tingles.
Casting: Beastly Appendage
Confirm with . or Enter, or press ? or * to list all spells.
Your feet morph into talons.
The gnoll hits you but does no damage.
Unknown command.
You hit the gnoll. You claw the gnoll.
The gnoll is moderately wounded.
The gnoll hits you with a flail!
Ouch! That really hurt!
You hit the gnoll. Your kick misses the gnoll. You tail-slap the gnoll.
The gnoll is severely wounded.
The bat barely misses you. The gnoll hits you with a flail!
Ouch! That really hurt!
You die...

#...#...)#....#.............#.#..
.##...#.....................#.#..
#############################.#.#
#.#...........#.#.#
#.#########..#.#.#
##.########..#.#.#
##..............#
##.##.#####..#.... #@##
.......##### #..bg# ###.### #
#..#.. #. # #..###. #. # #. .# #.
# #. # # . # .. #


You could see a gnoll and a bat.

Vanquished Creatures
  A dart slug (D:1)
  A giant gecko (D:1)
  A giant cockroach (D:1)
  3 goblins (D:1)
  A hobgoblin (D:1)
  4 jackals (D:1)
  2 bats (D:1)
  A kobold (D:1)
  2 rats (D:1)
16 creatures vanquished.

Notes
Turn   | Place    | Note
--------------------------------------------------------------
     0 | D:1      | Gottschkopf the Draconian Transmuter began the quest for the Orb.
     0 | D:1      | Reached XP level 1. HP: 16/16 MP: 3/3
   123 | D:1      | Reached XP level 2. HP: 23/23 MP: 3/5
   138 | D:1      | Learned a level 2 spell: Sticks to Snakes
   414 | D:1      | Reached skill level 4 in Unarmed Combat
   700 | D:1      | Slain by a gnoll

Skill      XL: |  1  2 |
---------------+-------+-----
Unarmed Combat | 4 |  4.0
Fighting       | |  1.1
Dodging        | |  1.7
Spellcasting   | |  2.0
Transmutations | |  2.0

Action                   || total
-------------------------++-------
Melee: Unarmed           ||    49
       Kick              ||     9
       Tailslap          ||     2
 Cast: Beastly Appendage ||    11
Armor: Skin              ||    24
Dodge: Dodged            ||    34
